Map: Dusk Towers

Players

IlIlllIIl (Stephano)

  • Race: Zerg Zerg
  • League: Grandmaster

GunGFuBanDa - Winner!

  • Race: Protoss Protoss
  • League: Grandmaster

Event: Homestory Cup XII

VOD

Have the link to the VOD?

Description

Time

  • Played on: Dec. 18, 2015, 2:22 p.m.
  • Length: 15:17

All games in this series

Show
View Real Time Build Order
Export as new Build Order

IlIlllIIl Zerg 

Build Orders: Hatch First, Lurkers 

Get SALT Encoding   

  12  0:01  Drone  
  13  0:13  Overlord  
  13  0:17  Drone  
  14  0:31  Drone x2  
  14  0:35  Drone  
  17  0:52  Hatchery  
  17  0:54  Drone  
  17  0:57  Drone  
  18  1:10  Spawning Pool  
  17  1:13  Drone  
  18  1:20  Drone  
  19  1:39  Hatchery  
  18  1:40  Extractor  
  18  1:41  Drone  
  18  1:43  Drone  
  19  1:51  Drone  
  20  2:04  Queen x2  
  20  2:08  Zergling x2  
  25  2:14  Overlord  
  25  2:17  Drone  
  25  2:21  Drone  
  27  2:26  Drone  
  28  2:35  Drone  
  28  2:36  Drone  
  30  2:42  Queen  
  32  2:45  Metabolic Boost  
  32  2:50  Drone  
  33  2:53  Drone x2  
  33  2:58  Drone x2  
  37  3:02  Queen  
  39  3:07  Zergling x4  
  39  3:12  Drone  
  42  3:16  Overlord  
  42  3:17  Overlord  
  42  3:21  Extractor x2  
  42  3:25  Drone x2  
  41  3:28  Drone  
  41  3:30  Overlord  
  42  3:37  Zergling x4  
  42  3:38  Drone x4  
  48  3:45  Drone x3  
  51  3:50  Drone  
  51  3:51  Drone x2  
  51  3:52  Drone  
  51  3:53  Spore Crawler  
  54  3:58  Spore Crawler  
  54  3:59  Drone x2  
  54  4:02  Drone x2  
  57  4:10  Drone, Roach Warren  
  57  4:16  Drone  
  58  4:19  Evolution Chamber x2  
  58  4:21  Drone x2  
  58  4:23  Overlord  
  58  4:26  Overlord  
  57  4:41  Drone x2  
  57  4:42  Drone  
  57  4:43  Drone x5, Overlord  
  65  4:46  Zerg Melee Weapons Level 1  
  65  4:49  Zerg Ground Armor Level 1  
  65  4:50  Drone  
  65  4:51  Extractor  
  65  4:55  Drone x3  
  68  5:01  Lair  
  68  5:06  Drone x3  
  71  5:09  Extractor x2  
  69  5:17  Drone  
  69  5:18  Drone  
  69  5:21  Drone x3  
  74  5:22  Drone x4  
  74  5:26  Hatchery  
  77  5:29  Roach x2  
  77  5:30  Overlord  
  81  5:37  Spore Crawler, Overlord  
  80  5:45  Overlord  
  80  5:54  Overlord x3  
  80  5:55  Overlord  
  80  5:56  Overlord  
  80  5:58  Roach x4  
  80  5:59  Roach x2  
  91  6:05  Glial Reconstitution  
  91  6:07  Zergling x4  
  91  6:08  Ravager  
  91  6:09  Ravager, Hydralisk Den, Roach x2  
  91  6:10  Roach  
  100  6:13  Roach  
  100  6:17  Roach x2  
  106  6:20  Zergling x8  
  106  6:21  Zergling x2  
  113  6:25  Roach  
  113  6:29  Overlord  
  107  6:48  Roach x3  
  107  6:49  Zerg Ground Armor Level 2, Zerg Melee Weapons Level 2  
  107  6:51  Zergling x2  
  107  6:52  Zergling x12  
  111  7:06  Drone x5  
  113  7:11  Lurker Den  
  113  7:12  Drone x2  
  113  7:13  Infestation Pit  
  113  7:15  Drone x4  
  117  7:27  Overlord x2  
  116  7:37  Drone x2, Hydralisk x4  
  116  7:38  Hydralisk  
  116  7:42  Drone x2  
  129  7:44  Drone  
  129  7:47  Drone x2  
  129  7:49  Drone x3  
  134  7:58  Drone x2  
  136  8:02  Hive  
  136  8:04  Hydralisk x3  
  142  8:20  Zergling x8  
  142  8:21  Zergling x20  
  142  8:24  Overlord  
  156  8:37  Lurker x4  
  156  8:38  Lurker x4  
  156  8:40  Zergling x8  
  164  8:51  Hydralisk x3  
  164  8:55  Zergling x16  
  176  9:00  Overlord  
  176  9:04  Hatchery  
  175  9:16  Zerg Ground Armor Level 3, Zerg Melee Weapons Level 3, Adrenal Glands  
  174  9:18  Zergling x18  
  181  9:33  Queen  
  157  9:45  Drone x6  
  157  9:46  Drone x2  
  156  9:55  Drone x12  
  167  10:00  Drone x2  
  167  10:01  Drone  
  167  10:16  Lurker x2  
  169  10:33  Zergling x10  
  169  10:34  Zergling x18  
  183  10:36  Hatchery, Zergling x4  
  183  10:38  Queen  
  186  10:46  Zergling x8  
  186  10:47  Overlord  
  186  10:48  Overlord  
  189  11:03  Zergling x8  
  175  11:11  Zergling x6  
  175  11:15  Zergling x18  
  181  11:29  Zergling x18  
  181  11:30  Zergling x2  
  173  11:34  Spine Crawler, Hydralisk  
  173  11:35  Hydralisk  
  173  11:39  Drone x2  
  176  11:53  Zerg Missile Weapons Level 1  
  172  12:12  Spine Crawler  
  167  12:27  Drone x7  
  167  12:29  Drone x4  
  160  12:39  Lurker x2, Hydralisk x2  
  160  12:40  Hydralisk x4  
  171  12:53  Overseer  
  171  12:54  Overseer  
  171  12:56  Overseer  
  168  13:03  Zergling x8  
  168  13:04  Zergling x16  
  143  13:21  Zergling x2  
  143  13:22  Zergling x8  
  143  13:25  Lurker  
  143  13:26  Lurker x3  
  151  13:29  Zergling x2  
  151  13:30  Zergling x6  
  152  13:50  Zergling x4  
  152  13:51  Zergling x16  
  160  13:57  Hatchery  
  160  13:59  Overseer  
  149  14:14  Lair  
  127  14:19  Zergling x2  
  127  14:20  Zergling x20  
  133  14:24  Zergling x4  
  133  14:26  Queen x2  
  137  14:43  Zergling x2  
  137  14:44  Zergling x14  
  145  14:47  Hatchery  
Show
View Real Time Build Order
Export as new Build Order

GunGFuBanDa Protoss - Winner!

Build Orders: Nexus First 

Get SALT Encoding   

  12  0:01  Probe (Chrono Boost)  
  13  0:11  Probe (Chrono Boost)  
  14  0:18  Pylon  
  14  0:22  Probe (Chrono Boost)  
  15  0:36  Probe (Chrono Boost)  
  16  0:46  Probe (Chrono Boost)  
  18  0:57  Probe (Chrono Boost)  
  18  1:02  Nexus  
  18  1:07  Probe (Chrono Boost)  
  19  1:18  Gateway  
  19  1:21  Probe (Chrono Boost)  
  20  1:27  Assimilator  
  20  1:32  Probe (Chrono Boost), Assimilator  
  21  1:43  Probe (Chrono Boost)  
  21  1:45  Gateway  
  22  1:54  Probe (Chrono Boost)  
  23  2:08  Cybernetics Core  
  23  2:14  Probe (Chrono Boost)  
  23  2:15  Probe (Chrono Boost)  
  25  2:25  Probe x2 (Chrono Boost)  
  27  2:35  Probe (Chrono Boost)  
  27  2:36  Probe (Chrono Boost)  
  29  2:44  Adept x2 (Chrono Boost)  
  33  2:45  Warp Gate  
  33  2:46  Probe x2  
  35  2:52  Pylon  
  37  2:58  Mothership Core (Chrono Boost), Probe (Chrono Boost)  
  38  3:07  Pylon  
  38  3:11  Sentry x2, Probe (Chrono Boost)  
  43  3:17  Probe (Chrono Boost)  
  44  3:21  Probe (Chrono Boost)  
  45  3:28  Probe (Chrono Boost)  
  45  3:32  Probe (Chrono Boost)  
  45  3:33  Nexus  
  47  3:39  Probe (Chrono Boost)  
  47  3:40  Pylon  
  48  3:41  Pylon  
  48  3:43  Probe (Chrono Boost)  
  49  3:50  Probe (Chrono Boost)  
  49  3:53  Forge  
  50  3:57  Probe (Chrono Boost)  
  50  4:01  Probe (Chrono Boost)  
  52  4:05  Gateway  
  52  4:08  Probe (Chrono Boost)  
  53  4:11  Robotics Facility  
  53  4:12  Probe (Chrono Boost)  
  54  4:18  Assimilator x2  
  54  4:22  Probe x2 (Chrono Boost)  
  54  4:23  Twilight Council  
  56  4:26  Protoss Ground Weapons Level 1 (Chrono Boost)  
  56  4:32  Probe (Chrono Boost)  
  56  4:33  Probe (Chrono Boost)  
  56  4:36  Gateway  
  58  4:43  Probe (Chrono Boost)  
  58  4:44  Probe (Chrono Boost)  
  61  4:45  Probe (Chrono Boost)  
  61  4:53  Sentry x2, Resonating Glaives (Chrono Boost), Warp Prism (Chrono Boost), Probe (Chrono Boost)  
  61  4:54  Probe (Chrono Boost)  
  61  4:55  Probe (Chrono Boost)  
  70  5:04  Probe  
  70  5:05  Probe x2  
  73  5:11  Stalker  
  75  5:15  Probe  
  75  5:16  Probe  
  75  5:17  Probe  
  78  5:21  Pylon, Photon Cannon  
  78  5:26  Probe, Adept  
  78  5:28  Observer  
  81  5:29  Probe x2, Pylon  
  84  5:36  Probe  
  84  5:41  Adept x3  
  91  5:43  Probe x2  
  91  5:47  Probe  
  91  5:48  Photon Cannon  
  94  5:54  Stalker, Assimilator  
  96  5:58  Gateway  
  96  5:59  Gateway  
  96  6:00  Assimilator  
  96  6:04  Probe x2  
  96  6:10  Protoss Ground Weapons Level 2 (Chrono Boost)  
  96  6:11  Pylon  
  98  6:12  Probe, Blink  
  98  6:13  Pylon  
  98  6:14  Pylon  
  99  6:20  Pylon  
  99  6:21  Pylon  
  99  6:29  Immortal (Chrono Boost)  
  103  6:34  Adept x3  
  109  6:50  Gateway  
  109  6:51  Gateway  
  99  6:56  Nexus  
  99  7:00  Stalker x2  
  99  7:01  Stalker  
  102  7:09  Immortal (Chrono Boost)  
  102  7:12  Photon Cannon  
  100  7:15  Robotics Bay  
  100  7:21  Stalker x3  
  106  7:28  Pylon  
  106  7:30  Robotics Facility  
  106  7:33  Pylon  
  105  7:41  Adept x3  
  105  7:42  Warp Prism (Chrono Boost)  
  113  7:59  Adept x3  
  113  8:00  Adept, Pylon, Photon Cannon  
  113  8:01  Protoss Ground Weapons Level 3  
  113  8:02  Stalker, Adept x3, Photon Cannon  
  113  8:04  Pylon  
  129  8:08  Probe x2  
  129  8:09  Probe  
  129  8:12  Disruptor (Chrono Boost), Gravitic Drive (Chrono Boost)  
  132  8:18  Disruptor (Chrono Boost)  
  138  8:21  Probe  
  138  8:24  Pylon  
  138  8:25  Probe  
  140  8:33  Adept  
  142  8:36  Probe x2, Assimilator  
  144  8:42  Adept  
  144  8:44  Disruptor (Chrono Boost)  
  144  8:45  Adept  
  151  8:49  Adept x2  
  151  8:50  Disruptor (Chrono Boost)  
  158  9:15  Disruptor (Chrono Boost)  
  161  9:17  Charge (Chrono Boost)  
  161  9:21  Disruptor (Chrono Boost)  
  164  9:26  Adept x5  
  164  9:27  Adept x2  
  178  9:34  Assimilator  
  170  9:43  Adept  
  172  9:46  Disruptor (Chrono Boost)  
  172  9:49  Adept  
  172  9:50  Adept  
  172  9:52  Disruptor (Chrono Boost)  
  176  10:03  Stalker x2  
  176  10:04  Adept x4  
  174  10:12  Disruptor (Chrono Boost)  
  172  10:19  Warp Prism  
  175  10:23  Dark Shrine  
  175  10:25  Templar Archives, Nexus  
  175  10:27  Warp Prism  
  177  10:36  Stalker  
  177  10:37  Stalker x5  
  177  10:38  Phoenix  
  177  10:41  Pylon  
  177  10:42  Pylon  
  189  10:45  Adept x2  
  193  10:51  Photon Cannon  
  193  10:53  Protoss Air Weapons Level 1  
  193  10:54  Immortal  
  193  10:55  Stargate  
  193  10:58  Immortal, Stargate  
  193  11:00  Adept x2  
  193  11:01  Adept  
  193  11:17  Adept  
  193  11:29  Immortal  
  193  11:32  Adept x4  
  177  11:33  Immortal  
  183  11:53  High Templar x4  
  191  11:56  Gateway  
  191  11:57  Gateway, Archon x2  
  189  12:03  Nexus  
  189  12:05  Pylon  
  189  12:10  Adept  
  189  12:11  Adept x2  
  193  12:31  Adept  
  193  12:32  Dark Templar x2  
  193  12:33  Immortal x2  
  187  12:43  Pylon  
  195  12:45  Dark Templar x2, Pylon  
  199  12:52  Photon Cannon  
  199  12:53  Photon Cannon  
  199  12:56  Dark Templar  
  185  13:07  Dark Templar x3, Zealot  
  185  13:12  Zealot  
  175  13:40  Pylon  
  175  13:41  Pylon  
  175  13:42  Pylon  
  175  13:44  Pylon  
  175  13:45  Nexus  
  175  13:46  Pylon  
  175  13:51  Fleet Beacon  
  170  14:05  Zealot x3  
  170  14:06  Zealot x3  
  180  14:14  Nexus  
  180  14:16  Pylon  
  176  14:30  Pylon  
  176  14:31  Probe x2  
  177  14:37  Adept x3, Zealot  
  178  14:56  Adept x3  
  172  15:13  Archon  
  172  15:15  Archon  
Tags
 
Add a new tag
Caveats
  • Supply blocks, unpowered buildings, or Contaminate may cause inaccurate times.
  • Supply counts are checked every 10 seconds.